 Dungeon Crawl Stone Soup version 0.21.0 (webtiles) character file.

168 Timinator the Insei (level 5, 0/39 HPs)
             Began as a Vampire Transmuter on Jan 9, 2018.
             Slain by a bullfrog (8 damage)
             ... on level 4 of the Dungeon.
             The game lasted 00:18:18 (2648 turns).

Timinator the Insei (Vampire Transmuter)            Turns: 2648, Time: 00:18:18

Health: 0/39       AC:  3    Str:  9    XL:     5   Next: 23%
Magic:  9/9        EV: 13    Int: 15    God:
Gold:   120        SH:  0    Dex: 16    Spells: 9/10 levels left

rFire    . . .     SeeInvis +     - Unarmed
rCold    . . .     Gourm    .   (no shield)
rNeg     . . .     Faith    .   b - +0 robe
rPois    .         Spirit   .   i - +0 helmet
rElec    .         Reflect  .   (no cloak)
rCorr    .         Harm     .   (no gloves)
MR       .....                  (no boots)
Stlth    +.........             (no amulet)
HPRegen  0.33/turn              (no ring)
MPRegen  0.11/turn              (no ring)

@: regenerating quickly
A: fangs 3, see invisible, unbreathing
a: no special abilities


You were on level 4 of the Dungeon.
You were full.

You visited 1 branch of the dungeon, and saw 4 of its levels.

You collected 120 gold pieces.

Inventory:

Missiles
 a - 19 arrows
Armour
 b - a +0 robe (worn)
 i - a +0 helmet (worn)
Scrolls
 j - a scroll of enchant armour {unknown}
 n - 2 scrolls of magic mapping {unknown}
 p - a scroll of teleportation {unknown}
 r - a scroll of identify {unknown}
Potions
 d - 20 potions of blood
 e - 2 potions of mutation {unknown}
 g - a potion of flight {unknown}
 h - a potion of degeneration {unknown}
 k - 2 potions of ambrosia {unknown}
 l - 2 potions of heal wounds {unknown}
 m - a potion of haste {unknown}
 o - a potion of curing {unknown}
 q - a potion of brilliance {unknown}
Books
 c - a book of Changes

   Spells                             Type                      Level
   a - Beastly Appendage              Transmutation                1
   b - Sticks to Snakes               Transmutation                2
   c - Spider Form                    Transmutation/Poison         3
   d - Ice Form                       Ice/Transmutation            4
   e - Blade Hands                    Transmutation                5


   Skills:
 * Level 2.4 Fighting
 * Level 3.1 Dodging
 * Level 4.1 Unarmed Combat
 + Level 3.0 Spellcasting
 * Level 2.8 Transmutations


You had 9 spell levels left.
You knew the following spells:

 Your Spells              Type           Power        Failure   Level  Hunger
a - Beastly Appendage     Tmut           ##....       6%          1    #......


Dungeon Overview and Level Annotations

Branches:
Dungeon (4/15)
 Temple: D:4-7

Altars:

Annotations:
D:4 Menkaure


Innate Abilities, Weirdness & Mutations

Your natural rate of healing is unusually fast.
You have razor-sharp teeth.
You have supernaturally acute eyesight. (SInv)
You can survive without breathing.


Message History

The leopard gecko hisses menacingly.
The orc priest looks encouraged for a moment.
The leopard gecko closely misses you.
There is an escape hatch in the floor here.
The leopard gecko closely misses you.
You slide downwards.
The hatch slams shut behind you.
You hear the sound of rushing water.
There is an entrance to a sewer on this level.
Hurry and find it before the portal rusts away!
A bullfrog, Menkaure and a skeleton come into view.
Menkaure shouts!
The bullfrog gives a loud, deep croak!
As you read the scroll labeled YDGHIFR OPIT, it crumbles to dust.
It is a scroll of enchant weapon.
You aren't carrying any weapons that can be enchanted.
The leopard gecko closely misses you. The leopard gecko bites you.
* * * LOW HITPOINT WARNING * * *
A worker ant comes into view.
Unknown command.
An iguana comes into view.
The bullfrog barely misses you. The bullfrog hits you!
You die...

. .. .. .l #.
#..#### #.Z.@l#
#.....F....Ma.
................
#...............
................
#...............
##..............
...............


You could see Menkaure, a bullfrog, an iguana (wandering), a worker ant
(wandering), a leopard gecko and a howler monkey skeleton.

Vanquished Creatures
  Natasha (twice) (D:2)
  Robin (D:2)
  3 adders (D:2)
  An ooze (D:1)
  A worm (D:2)
  A dart slug (D:1)
  3 giant cockroaches
  11 hobgoblins
  7 jackals
  4 kobolds
  A quokka (D:3)
  9 bats
  A frilled lizard (D:1)
  15 goblins
  8 rats
68 creatures vanquished.

Notes
Turn   | Place    | Note
-------+----------+-------------------------------------------
     0 | D:1      | Timinator the Vampire Transmuter began the quest for the Orb.
     0 | D:1      | Reached XP level 1. HP: 14/14 MP: 3/3
    26 | D:1      | Reached skill level 1 in Fighting
   579 | D:1      | Reached XP level 2. HP: 21/22 MP: 5/5
  1099 | D:1      | Reached XP level 3. HP: 27/27 MP: 6/6
  1542 | D:2      | Noticed Robin
  1706 | D:2      | Killed Robin
  1807 | D:2      | Reached XP level 4. HP: 33/33 MP: 7/7
  1814 | D:2      | Noticed Natasha
  1833 | D:2      | Killed Natasha
  2293 | D:2      | Reached skill level 4 in Unarmed Combat
  2479 | D:2      | Noticed Natasha
  2507 | D:2      | Killed Natasha
  2507 | D:2      | Reached XP level 5. HP: 23/39 MP: 7/9
  2646 | D:4      | Noticed Menkaure
  2648 | D:4      | Slain by a bullfrog

Skill      XL: |  1  2  3  4 |
---------------+-------------+-----
Fighting       | 1 2 |  2.4
Dodging        | 3 |  3.1
Unarmed Combat | 4 |  4.1
Spellcasting   | 3 |  3.0
Transmutations | |  2.8

Action                   |  1- 3 |  4- 6 || total
-------------------------+-------+-------++-------
Melee: Unarmed           |   193 |    83 ||   276
       Bite              |    15 |     2 ||    17
       Kick              |     4 |    13 ||    17
       Headbutt          |     4 |       ||     4
       Punch             |       |     2 ||     2
 Cast: Beastly Appendage |     6 |     8 ||    14
  Use: Scroll            |       |     1 ||     1
       Potion            |       |     1 ||     1
 Stab: Sleeping          |     2 |     1 ||     3
  Eat: Corpse            |    11 |     3 ||    14
Armor: Robe              |    37 |    10 ||    47
Dodge: Dodged            |   103 |    59 ||   162
